 Dungeon Crawl Stone Soup version 0.23-a0-435-g79ed067e35 (webtiles) character file.

13220 Moesh the Cleaver (level 11, 0/79 HPs)
             Began as a Minotaur Fighter on Nov 16, 2018.
             Was a High Priest of Okawaru.
             Slain by a yellow draconian
             ... wielding a +0 hand axe
              (15 damage)
             ... on level 2 of the Abyss.
             The game lasted 00:24:20 (8924 turns).

Moesh the Cleaver (Minotaur Fighter)                Turns: 8924, Time: 00:24:21

Health: 0/79       AC:  9    Str: 19    XL:     11   Next: 72%
Magic:  7/7        EV:  7    Int:  1    God:    Okawaru [*****.]
Gold:   483        SH: 12    Dex:  7    Spells: 10/10 levels left

rFire    . . .     SeeInvis .   v - +5 war axe
rCold    . . .     Gourm    .   c - +1 shield
rNeg     . . .     Faith    .   k - +0 plate armour
rPois    .         Spirit   .   (helmet restricted)
rElec    .         Reflect  .   b - scarf {cloud immunity}
rCorr    .         Harm     .   (no gloves)
MR       .....     Clarity  +   (no boots)
Stlth    ..........             o - amulet of regeneration
HPRegen  0.63/turn              (no ring)
MPRegen  0.10/turn              (no ring)

@: no status effects
A: retaliatory headbutt, fangs 1, horns 2, [berserk 2], [blurry vision 2],
clarity, [clumsy 2], [deformed body], [dopey 2], [frail 2], [low mp 2], [weak 2]
a: Heroism, Finesse, Renounce Religion


You were on level 2 of the Abyss.
You worshipped Okawaru.
Okawaru was extremely pleased with you.
You were not hungry.

You visited 2 branches of the dungeon, and saw 11 of its levels.
You visited the Abyss 1 time.
You also visited: Sewer and Ossuary.

You collected 560 gold pieces.
You spent 77 gold pieces at shops.

Inventory:

Hand Weapons
 q - a +5 flail
 v - a +5 war axe (weapon)
Missiles
 e - 2 throwing nets (quivered)
Armour
 b - a scarf of cloud immunity (worn)
 c - a +1 shield (worn)
 k - a +0 plate armour (worn)
 z - a +0 cloak
Jewellery
 i - a +4 amulet of reflection
 o - an amulet of regeneration (around neck)
Wands
 d - a wand of flame (13)
 r - a wand of polymorph (10)
Scrolls
 g - a scroll of fear
 m - 2 scrolls of magic mapping
 p - 3 scrolls of teleportation
 x - 3 scrolls of remove curse
Potions
 h - 2 potions of curing
 l - a potion of haste
 n - 4 potions of flight
 s - a potion of magic
 w - a potion of heal wounds
 A - a potion of brilliance
Comestibles
 a - 3 chunks of flesh
 f - 14 rations


   Skills:
 + Level 10.0 Fighting
 * Level 13.1 Axes
 + Level 10.0 Armour
 + Level 8.4 Dodging
 + Level 9.9 Shields


You had 10 spell levels left.
You didn't know any spells.
Your spell library contained the following spells:

 Spells                   Type           Power        Failure   Level  Hunger
 Corona                   Hex            #......      100%        1    ##.....
 Magic Dart               Conj           #...         100%        1    ##.....
 Blink                    Tloc           N/A          100%        2    ###....
 Call Imp                 Summ           #.......     100%        2    ###....
 Searing Ray              Conj           #.....       100%        2    ###....
 Slow                     Hex            #.......     100%        2    ###....
 Conjure Flame            Conj/Fire      #.......     100%        3    ####...
 Dazzling Spray           Conj/Hex       #.....       100%        3    ####...
 Inner Flame              Hex/Fire       #.......     100%        3    ####...
 Mephitic Cloud           Conj/Pois/Air  #.......     100%        3    ####...
 Portal Projectile        Hex/Tloc       #.....       100%        3    ####...
 Cause Fear               Hex            #.........   100%        4    #####..
 Force Lance              Conj/Tloc      #.......     100%        4    #####..
 Fulminant Prism          Conj/Hex       #.........   100%        4    #####..
 Ice Form                 Ice/Tmut       #.......     100%        4    #####..
 Iskenderun's Mystic Bla  Conj           #.......     100%        4    #####..
 Leda's Liquefaction      Hex/Erth       #.........   100%        4    #####..
 Metabolic Englaciation   Hex/Ice        #.........   100%        5    ######.
 Bolt of Cold             Conj/Ice       #.........   100%        6    #######
 Freezing Cloud           Conj/Ice/Air   #.........   100%        6    #######
 Ozocubu's Refrigeration  Ice            #.........   100%        6    #######
 Simulacrum               Ice/Necr       #.........   100%        6    #######


Dungeon Overview and Level Annotations

Branches:
Dungeon (10/15)            Temple (1/1) D:6             Orc (0/2) D:9
   Lair: D:8-11

Altars:
Ashenzari
Cheibriados
Dithmenos
Elyvilon
Fedhas
Gozag
Hepliaklqana
Kikubaaqudgha
Makhleb
Nemelex Xobeh
Okawaru
Qazlal
Ru
Trog
Uskayaw
Vehumet
Wu Jian
Xom
Yredelemnul
Zin
The Shining One

Shops:
D:4 ?

Annotations:
D:10 Erolcha


Innate Abilities, Weirdness & Mutations

You reflexively headbutt those who attack you in melee.
You have a pair of horns on your head.
You have very sharp teeth.
You possess an exceptional clarity of mind.
[You often lose your temper in combat.]
[Scrolls take you longer to read.]
[You are very clumsy. (Dex -4)]
[Armour fits poorly on your strangely shaped body.]
[You are very dopey. (Int -4)]
[You are very frail. (-20% HP)]
[Your magical capacity is very low. (-20% MP)]
[You are very weak. (Str -4)]


Message History

Really read with blurry vision while enemies are nearby?
Okay, then.
Unknown command.
You feel better. You block the quasit's attack. The quasit barely misses you.
You block the quasit's attack.
You feel yourself growing ill in the presence of the ancient zyme.
The wretched star pulses with an eldritch light!
Your body twists and deforms.
You feel weaker. x2
The yellow draconian barely misses you. The smoke demon gestures at you.
Something smites you!
* * * LOW HITPOINT WARNING * * *
You block the quasit's attack. The quasit closely misses you.
The quasit claws you but does no damage.
The large abomination closely misses you.
The quasit closely misses you.
The quasit claws you but does no damage.
You block the quasit's attack.
The yellow draconian hits you with a +0 hand axe!
You die...

........#.....#.. ..# .
# ...................
.#. ...............
....
#..###............. ..
. ....#.....#..
..#.....#
#.#..#...###...###...##
#....x...#.....#....)#
#dx5......... ... .
##.@X.*.3........ ..
#................ ..
##.....#.....#.....#
..#...###...###...#
.#.....#.....#.....#
.##..................
..#.............. ...
.........


You could see a yellow draconian, a wretched star, an ancient zyme, a large
abomination, a smoke demon, a small abomination and a quasit.

Vanquished Creatures
  A queen ant (D:10)
  A thrashing horror (Abyss:2)
  An unseen horror (D:10)
  The ghost of Zezish the Chopper, a novice MiFi of Okawaru (D:6)
  Pikel (D:6)
  An ugly thing (D:6)
  An efreet (Abyss:2)
  A merfolk (D:9)
  2 trolls
  Grinder (D:3)
  A hippogriff (D:9)
  A wyvern (D:8)
  4 yaks
  Eustachio (D:5)
  A hungry ghost (D:8)
  3 wargs (D:9)
  12 soldier ants (D:10)
  Duvessa (D:4)
  A water moccasin (D:7)
  3 orc warriors
  3 sky beasts
  5 ice beasts
  2 black bears
  3 phantoms
  An ogre (D:4)
  2 centaurs
  A big kobold (D:8)
  Blork the orc (D:4)
  A small abomination (Abyss:2)
  3 elf zombies
  4 bullfrogs
  Dowan (D:4)
  A wyvern zombie (D:6)
  2 elf skeletons (D:5)
  2 scorpions
  4 killer bees (D:8)
  12 wights
  A howler monkey (D:6)
  3 lava snakes (D:9)
  2 bullfrog zombies
  2 crimson imps
  3 jellies
  A quasit (D:8)
  4 centaur zombies (Ossuary)
  5 hounds
  2 human zombies
  9 orc priests
  2 bullfrog skeletons (D:8)
  3 iguanas
  10 orc wizards
  Natasha (thrice) (D:4)
  37 worker ants
  2 hound zombies
  3 mummies (Ossuary)
  3 worker ant zombies
  A howler monkey zombie (D:7)
  4 gnolls (D:3)
  9 adders
  2 shadow imps
  2 oozes
  7 adder zombies
  An adder skeleton (D:9)
  4 worms
  A dart slug (D:2)
  11 leopard geckos
  34 orcs
  6 bats
  7 giant cockroaches
  5 hobgoblins
  3 jackals (D:8)
  5 kobolds
  7 quokkas
  5 ball pythons
  8 frilled lizards
  A gnoll zombie (Ossuary)
  9 goblins
  2 goblin zombies (Ossuary)
  2 jackal zombies (Ossuary)
  5 kobold zombies (Ossuary)
  6 orc zombies
  A quokka skeleton (D:5)
  2 quokka zombies (Ossuary)
  10 rats
  4 rat zombies (Ossuary)
  2 plants (D:6)
348 creatures vanquished.

Vanquished Creatures (others)
  An ufetubus (Abyss:2)
  An orc (D:2)
2 creatures vanquished.

Grand Total: 350 creatures vanquished

Notes
Turn   | Place    | Note
-------+----------+-------------------------------------------
     0 | D:1      | Moesh the Minotaur Fighter began the quest for the Orb.
     0 | D:1      | Reached XP level 1. HP: 19/19 MP: 0/0
   145 | D:1      | Reached XP level 2. HP: 27/27 MP: 1/1
   280 | D:1      | Reached skill level 3 in Axes
   345 | D:2      | Found an opulent altar of Gozag.
   357 | D:2      | Reached skill level 1 in Dodging
   357 | D:2      | Reached XP level 3. HP: 17/33 MP: 2/2
   687 | D:2      | Reached XP level 4. HP: 40/40 MP: 3/3
  1004 | D:2      | Reached skill level 4 in Axes
  1528 | D:3      | Found a shattered altar of Ashenzari.
  1529 | D:3      | Noticed Grinder
  1537 | D:3      | Paralysed by Grinder for 6 turns
  1549 | D:3      | Killed Grinder
  1549 | D:3      | Reached skill level 5 in Axes
  1549 | D:3      | Reached XP level 5. HP: 35/47 MP: 4/4
  1549 | D:3      | Reached XP level 6. HP: 39/53 MP: 5/5
  2278 | D:4      | Found Kusaid's Magic Scroll Emporium.
  2278 | D:4      | Noticed Duvessa
  2278 | D:4      | Noticed Dowan
  2280 | D:4      | Noticed Blork the orc
  2288 | D:4      | Killed Duvessa
  2288 | D:4      | Reached skill level 5 in Fighting
  2288 | D:4      | Reached skill level 5 in Armour
  2288 | D:4      | Reached skill level 5 in Shields
  2288 | D:4      | Reached XP level 7. HP: 45/61 MP: 6/6
  2297 | D:4      | Killed Dowan
  2297 | D:4      | Reached skill level 6 in Axes
  2304 | D:4      | Killed Blork the orc
  2315 | D:4      | Found a radiant altar of Vehumet.
  2328 | D:4      | Bought 2 scrolls of magic mapping for 77 gold pieces
  2405 | D:4      | Noticed Natasha
  2409 | D:4      | Killed Natasha
  2448 | D:4      | Found a glowing drain.
  2470 | Sewer    | Entered a sewer
  2708 | Sewer    | Reached XP level 8. HP: 58/70 MP: 7/7
  2979 | D:4      | Noticed Natasha
  2989 | D:4      | Killed Natasha
  3001 | D:4      | Reached skill level 7 in Axes
  3007 | D:4      | Gained mutation: You possess an exceptional clarity of
                  | mind. [potion of mutation]
  3007 | D:4      | Gained mutation: You have very sharp teeth. [potion of
                  | mutation]
  3013 | D:4      | Noticed Natasha
  3019 | D:4      | Killed Natasha
  3226 | D:5      | Entered Level 5 of the Dungeon
  3243 | D:5      | Noticed Eustachio
  3267 | D:5      | Killed Eustachio
  3427 | D:5      | Reached skill level 8 in Axes
  3506 | D:5      | Found a sand-covered staircase.
  3519 | Ossuary  | Entered an ossuary
  3677 | Ossuary  | Reached XP level 9. HP: 78/78 MP: 8/8
  3729 | Ossuary  | Reached skill level 5 in Dodging
  4191 | D:6      | Found a staircase to the Ecumenical Temple.
  4197 | Temple   | Entered the Ecumenical Temple
  4503 | Temple   | Became a worshipper of Warmaster Okawaru
  4529 | D:6      | Reached skill level 9 in Axes
  4661 | D:6      | Reached * piety under Okawaru
  4796 | D:6      | Noticed Pikel
  4813 | D:6      | Killed Pikel
  5053 | D:6      | Found a runed door.
  5053 | D:6      | Noticed Zezish's ghost (novice MiFi)
  5075 | D:6      | Killed Zezish's ghost
  5075 | D:6      | Reached ** piety under Okawaru
  5075 | D:6      | Reached skill level 10 in Axes
  5237 | D:6      | Found a large runed door.
  5237 | D:6      | Found a large runed door.
  5257 | D:6      | Reached XP level 10. HP: 86/88 MP: 9/9
  5470 | D:6      | Found a large runed door.
  5470 | D:6      | Found a large runed door.
  5576 | D:6      | Noticed a white ugly thing
  5597 | D:6      | Killed a white ugly thing
  5955 | D:7      | Reached *** piety under Okawaru
  6034 | D:7      | Reached skill level 11 in Axes
  6617 | D:8      | Received a gift from Okawaru
  6992 | D:8      | Reached **** piety under Okawaru
  7131 | D:9      | Found a sparkling altar of Nemelex Xobeh.
  7136 | D:9      | Found a glowing silver altar of Zin.
  7204 | D:9      | Reached XP level 11. HP: 86/97 MP: 10/10
  7361 | D:9      | Reached skill level 12 in Axes
  7370 | D:9      | Found a staircase to the Orcish Mines.
  8070 | D:10     | Entered Level 10 of the Dungeon
  8264 | D:10     | Killed an unseen horror
  8309 | D:10     | Noticed a queen ant
  8338 | D:10     | Reached ***** piety under Okawaru
  8341 | D:10     | Killed a queen ant
  8770 | D:10     | Noticed Erolcha
  8771 | D:10     | Cast into level 2 of the Abyss (Erolcha)
  8808 | Abyss:2  | Noticed a thrashing horror
  8827 | Abyss:2  | Reached skill level 13 in Axes
  8836 | Abyss:2  | Killed a thrashing horror
  8836 | Abyss:2  | Reached skill level 10 in Fighting
  8836 | Abyss:2  | Reached skill level 10 in Armour
  8838 | Abyss:2  | Noticed a thrashing horror
  8890 | Abyss:2  | Noticed a large abomination
  8895 | Abyss:2  | Noticed a wretched star
  8918 | Abyss:2  | Noticed a yellow draconian
  8924 | Abyss:2  | Slain by a yellow draconian

Vault maps used:
D:1:      ebering_trefoil_twist
D:2:      first_ration, corexii_hall_statues_t, nicolae_gozag_seed_capital
D:3:      nicolae_overflow_crystal_walls, cheibrodos_gnoll_hut, uniq_grinder
D:4:      serial_shops, nicolae_shop_statue_plus, cheibrodos_sewer_entry_bend,
          vehumet_altar_wand_db, uniq_natasha, uniq_duvessa, uniq_blork_the_orc
D:5:      nicolae_ossuary_entry_catacombs, grunt_ministairs_1, abandoned_shop,
          uniq_eustachio
D:6:      nicolae_overflow_hidden_temple, minmay_temple_entry_overgrown,
          gammafunk_ghost_grave, minmay_hollow_rounded_squares, uniq_pikel
D:9:      minitemple, minmay_orc_entry_guard_dogs, kennysheep_pointless_box,
          hangedman_fish_farm
D:10:     kennysheep_blocky_room, lair_entry_dummy, serial_glass,
          glass_columns_c, glass_columns_b, st_stairs_5, nrook_pool_corridor,
          zaba_anthell, uniq_erolcha
Temple:   hc_temple_tempest_star
Sewer:    sewer_frog_island_01
Ossuary:  minmay_ossuary_two_tombs

Skill      XL: |  1  2  3  4  5  6  7  8  9 10 11 |
---------------+----------------------------------+-----
Axes           | 3 5 6 8 10 11 13 | 13.1
Fighting       | 4 5 6 8 9 10 | 10.0
Armour         | 4 5 6 7 9 10 | 10.0
Dodging        | 1 2 3 4 6 7 8 |  8.4
Shields        | 4 5 6 7 9 |  9.9

Action                   |  1- 3 |  4- 6 |  7- 9 | 10-12 || total
-------------------------+-------+-------+-------+-------++-------
Melee: War axe           |    51 |    70 |   385 |   412 ||   918
       Headbutt          |     7 |    12 |    81 |    83 ||   183
       Bite              |       |       |    40 |    67 ||   107
       Hand axe          |       |       |       |    15 ||    15
  Use: Scroll            |       |     4 |    10 |    10 ||    24
       Potion            |       |     3 |     2 |    16 ||    21
 Stab: Invisible         |       |       |       |     6 ||     6
  Eat: Chunk             |       |     4 |     3 |    11 ||    18
       Ration            |       |       |     2 |     1 ||     3
Armor: Scale mail        |    12 |    15 |    80 |     1 ||   108
       Skin              |       |     1 |       |       ||     1
       Plate armour      |       |       |       |   179 ||   179
       Chain mail        |       |       |       |     7 ||     7
Dodge: Dodged            |    15 |    18 |   115 |   169 ||   317
Block: Shield            |    36 |    45 |   251 |   347 ||   679
       Reflection        |     5 |     2 |     1 |       ||     8

Table legend:
 A = Non-vault XP
 B = Vault XP
 C = Vault XP percentage of total XP
 D = Non-vault monster count
 E = Vault monster count
 F = Vault count percentage of total count
                 A         B        C        D         E       F
            +---------+---------+-------+---------+---------+-------
      Total |    9689 |    9198 |  48.7 |     212 |     135 |  38.9
            +---------+---------+-------+---------+---------+-------
        D:1 |      31 |       0 |   0.0 |      19 |       0 |   0.0
        D:2 |     123 |       0 |   0.0 |      20 |       0 |   0.0
        D:3 |      64 |     369 |  85.2 |      14 |       4 |  22.2
        D:4 |     459 |     367 |  44.4 |      16 |       6 |  27.3
        D:5 |     532 |     611 |  53.5 |      13 |       9 |  40.9
        D:6 |     905 |    2546 |  73.8 |      21 |       9 |  30.0
        D:7 |    1644 |       0 |   0.0 |      36 |       0 |   0.0
        D:8 |    1757 |       0 |   0.0 |      40 |       0 |   0.0
        D:9 |    1740 |     804 |  31.6 |      22 |       4 |  15.4
       D:10 |    1178 |    3826 |  76.5 |       8 |      46 |  85.2
    Abyss:2 |    1256 |       0 |   0.0 |       3 |       0 |   0.0
      Sewer |       0 |     224 | 100.0 |       0 |      20 | 100.0
    Ossuary |       0 |     451 | 100.0 |       0 |      37 | 100.0
            +---------+---------+-------+---------+---------+-------
